 Dungeon Crawl Stone Soup version 0.28.0 (webtiles) character file.

Game seed: 13730675225463520567

37 HallandMoats the Ruffian (level 3, -3/33 HPs)
             Began as a Ghoul Monk on Feb 6, 2022.
             Was an Initiate of Gozag.
             Killed by divine providence
             ... invoked by an orc priest
              (12 damage)
             ... on level 2 of the Dungeon.
             The game lasted 00:01:40 (957 turns).

HallandMoats the Ruffian (Ghoul Monk)                Turns: 957, Time: 00:01:41

Health: -3/33      AC:  8    Str: 16    XL:     3   Next: 41%
Magic:  2/2        EV:  7    Int:  5    God:    Gozag
Gold:   137        SH:  0    Dex: 11    Spells: 2/2 levels left

rFire   . . .      SeeInvis .     - Unarmed
rCold   + . .      Faith    .   (no shield)
rNeg    + + +      Spirit   .   b - +0 chain mail
rPois   ∞          Reflect  .   (no helmet)
rElec   .          Harm     .   (no cloak)
rCorr   .          Rampage  .   (no gloves)
Will    .....                   (no boots)
Stlth   ..........              (no amulet)
HPRegen 0.00/turn               (no ring)
MPRegen 0.08/turn               (no ring)

@: gold aura, inhibited regen
A: claws 1, cold resistance 1, negative energy resistance 3, inhibited
regeneration, torment resistance 2
a: Renounce Religion, Potion Petition, Call Merchant, Bribe Branch


You were on level 2 of the Dungeon.
You worshipped Gozag.
Gozag was aware of your devotion.
You visited 1 branch of the dungeon, and saw 2 of its levels.

You collected 137 gold pieces.

Inventory:

Armour
 b - a +0 chain mail (worn)
Scrolls
 c - a scroll of enchant armour {unknown}
 d - a scroll of amnesia {unknown}
 e - a scroll of noise {unknown}
Potions
 a - a potion of curing
 f - a potion of flight {unknown}


   Skills:
 + Level 3.7 Fighting
 + Level 1.1 Armour
 + Level 3.0 Dodging
 - Level 2.1 Stealth
 + Level 3.7 Unarmed Combat


You had 2 spell levels left.
You didn't know any spells.
Your spell library contained the following spells:

 Spells                   Type           Power      Damage    Failure   Level
 Animate Skeleton         Necr           0%         N/A       100%        1
 Pain                     Necr           0%         1d4       100%        1
 Vampiric Draining        Necr           0%         2d6       100%        3
 Petrify                  Tmut/Erth      0%         N/A       100%        4
 Metabolic Englaciation   Hex/Ice        0%         N/A       100%        5
 Statue Form              Tmut/Erth      Unusable   N/A       N/A         6

Dungeon Overview and Level Annotations

Branches:
Dungeon (2/15)

Altars:
Gozag


Innate Abilities, Weirdness & Mutations

You thrive by killing the living.
You are immune to poison.
You have sharp fingernails.
Your flesh is cold resistant. (rC+)
You are immune to negative energy. (rN+++)
You do not regenerate when monsters are visible.
You are immune to unholy pain and torment.


Message History

No target in view!
No target in view!
No target in view!
No target in view!
You now have 132 gold pieces (gained 6).
You now have 137 gold pieces (gained 5).
An orc is nearby!
An orc is nearby!
An orc is nearby!
The orc priest shouts!
The orc shouts!
The orc priest invokes the aid of Beogh against you.
Beogh smites you!
You hear a shout!
The orc priest shouts!
The orc priest looks encouraged for a moment.
The orc wizard shouts!
You scratch the orc but do no damage. The orc barely misses you.
You scratch the orc. You claw the orc.
You kill the orc!
You feel better.
The orc priest calls down the wrath of Beogh upon you.
Beogh smites you!
You are too injured to fight recklessly!
You are too injured to fight recklessly!
The orc wizard gestures wildly while chanting.
The orc wizard flickers and vanishes!
Deactivating autopickup; reactivate with Ctrl-A.
The orc priest invokes the aid of Beogh against you.
Beogh smites you!
* * * LOW HITPOINT WARNING * * *
Unknown command.
You are confused.
You're too confused to move!
You are too confused!
It was a potion of curing.
You feel better.
The orc priest looks satisfied for a moment.
The orc priest invokes the aid of Beogh against you.
Beogh smites you!
You die...
Your body crumbles into a pile of gold.

.......#.....................
.......#...............<.###.
.........................# #.
............#.#..........# ##
##..$....##.#..........#
#......o...............#
.......##o###............#
..##..###..##............# .
.........o@....>...)...#
.#....#.................###
..............>............##
..######....#..##......##...
#.....#...##......###
#............######
#....###....###
#####.####......####
.......<...........####


You could see 2 orc priests.

Vanquished Creatures
  An adder (D:2)
  3 orcs (D:2)
  A ball python (D:2)
  A giant cockroach (D:1)
  3 hobgoblins
  5 kobolds (D:1)
  A quokka (D:1)
  2 bats
  6 frilled lizards
  4 rats
27 creatures vanquished.

Vanquished Creatures (others)
  A fungus (D:1)
1 creature vanquished.

Grand Total: 28 creatures vanquished

Notes
Turn   | Place    | Note
-------+----------+-------------------------------------------
     0 | D:1      | HallandMoats the Ghoul Monk began the quest for the Orb.
     0 | D:1      | Reached XP level 1. HP: 19/19 MP: 0/0
   260 | D:1      | Reached XP level 2. HP: 26/26 MP: 1/1
   584 | D:1      | Found a faded altar of an unknown god.
   637 | D:1      | Prayed at the altar of an unknown god.
   637 | D:1      | Became a worshipper of Gozag Ym Sagoz the Greedy
   811 | D:2      | Reached skill level 1 in Armour
   811 | D:2      | Reached XP level 3. HP: 31/33 MP: 2/2
   949 | D:2      | HP: 1/33 [orc priest/divine providence (12)]
   957 | D:2      | Killed from afar by an orc priest

Illustrated notes

Levels and vault maps discovered:
D:1:      tarquinn_simple_flora_water_f, layout_rooms,
          shapermc_ecumenical_altar_petra
D:2:      cheibrodos_pilgrimage, layout_rooms

Skill      XL: |  1  2 |
---------------+-------+-----
Armour         | 1 |  1.1
Dodging        | 3 |  3.0
Fighting       | |  3.7
Stealth        | |  2.1
Unarmed Combat | |  3.7

Action                   || total
-------------------------++-------
Melee: Unarmed           ||    80
       Punch             ||     3
  Use: Potion            ||     1
Armor: Robe              ||     6
       Chain mail        ||    26
Dodge: Dodged            ||    34
